 Dungeon Crawl Stone Soup version 0.14-a0-1765-g49ce880 (webtiles) character file.

1035 Jenx the Cleaver (level 7, -26/57 HPs)
             Began as a Minotaur Fighter on Jan 5, 2014.
             Was a Follower of Okawaru.
             Killed from afar by Jenx's ghost (32 damage)
             ... with an orb of energy
             ... on Level 5 of the Dungeon.
             The game lasted 00:13:57 (4810 turns).

Jenx the Cleaver (Minotaur Fighter)                 Turns: 4810, Time: 00:13:58

HP -26/57        AC 11     Str 21      XL: 7   Next: 79%
MP   3/3         EV  5     Int  5      God: Okawaru [*.....]
Gold 139         SH 19     Dex 11      Spells:  0 memorised,  6 levels left

rFire  + . .     SeeInvis .     a - +2,+3 orc hand axe
rCold  + . .     Clarity  +     G - +0 dwarf chain mail
rNeg   . . .     Conserve .     c - +0 shield
rPois  +         rCorr    .     (helmet restricted)
rElec  +         rRot     .     h - +0 cloak
SustAb . .       Spirit   .     (no gloves)
rMut   .         Warding  .     (no boots)
Saprov . . .     Stasis   .     o - amulet of clarity
                                (no ring)
                                (no ring)

@: slightly resistant to hostile enchantments, extremely unstealthy
A: retaliatory headbutt, horns 2
a: Heroism, Renounce Religion


You were on level 5 of the Dungeon.
You worshipped Okawaru.
Okawaru was aware of your devotion.
You were not hungry.

You visited 2 branches of the dungeon, and saw 6 of its levels.

You collected 139 gold pieces.

Inventory:

Hand weapons
 a - a +2,+3 orcish hand axe (weapon)
Missiles
 v - 6 tomahawks (quivered)
 E - 14 darts of frost
Armour
 c - a +0 shield (worn)
 h - a +0 cloak (worn)
 p - the +4 ring mail of Trumpets {rF+}
   (You found it on level 4 of the Dungeon)

   It protects you from fire.
 G - a +0 dwarven chain mail (worn)
Magical devices
 z - a wand of confusion (1)
Comestibles
 d - 5 bread rations
 f - 4 meat rations
 k - a choko
 B - a chunk of rat flesh
 C - a chunk of bat flesh
Scrolls
 b - a scroll of curse armour {unknown}
 g - 2 scrolls of identify
 m - 3 scrolls of remove curse
 r - a scroll of enchant weapon II {unknown}
 s - a scroll of blinking {unknown}
 u - 2 scrolls of magic mapping {unknown}
 w - 3 scrolls of teleportation {unknown}
 y - a scroll of immolation {unknown}
 A - 2 scrolls of amnesia {unknown}
 D - a scroll of enchant weapon I {unknown}
 F - a scroll of recharging {unknown}
Jewellery
 j - an uncursed ring of protection from fire {unknown}
 n - an uncursed amulet of resist mutation
 o - an amulet of clarity (around neck)
Potions
 e - a potion of mutation {unknown}
 i - a potion of restore abilities {unknown}
 l - a potion of lignification {unknown}
 q - a potion of resistance
 t - a potion of invisibility {unknown}
 x - a potion of agility {unknown}


   Skills:
 - Level 3.6 Fighting
 * Level 10.7 Axes
 - Level 0.2 Throwing
 - Level 3.6 Armour
 - Level 0.6 Stealth
 - Level 3.6 Shields


You had 6 spell levels left.
You didn't know any spells.

Dungeon Overview and Level Annotations

Branches:
Dungeon (5/16)             Temple (1/1) D:4

Altars:
Cheibriados
Elyvilon
Fedhas
Kikubaaqudgha
Makhleb
Nemelex Xobeh
Okawaru
Trog
Vehumet
the Shining One

Annotations:
D:5 Jenx's ghost, experienced DECj


Innate Abilities, Weirdness & Mutations

You reflexively headbutt those who attack you in melee.
You have a pair of horns on your head.


Message History

Found a bread ration, an elven wizard hat and a leather armour.
Jenx's ghost casts a spell at you. The orb of energy hits you!
Ouch! That really hurt!
Jenx's ghost points at you and mumbles some strange words.
The magic dart hits you!
Unknown command.
Drink which item? (? for menu, Esc to quit)
You feel protected.
It was a potion of resistance.
You block the goblin's attack.
Jenx's ghost points at you and mumbles some strange words.
The orb of energy hits you!
* * * LOW HITPOINT WARNING * * *
The goblin hits you but does no damage.
Jenx's ghost points at you and mumbles some strange words.
The orb of energy hits the goblin.
The goblin dies!
The orb of energy explodes!
The mystic blast hits you!
Ouch! That really hurt!
You die...

#################################
.................................
.........................p.......
......#######........p#####......
......# #.%.......# #......
#####.# #.........# #..p... #.#
#.....)...# #.%.... #.#
#.........# #[[....
#.####'##.).@.....# #......
#.................# #.#####
#.#########.......# #.#
#.'.......#..#'##.# #.#
#####.#.......#..#..#.# .
......#.......#..#..#.#
....(.#######'#..#..#.#
.................#..#.#
.................#..#.####


You could see Jenx's ghost.

Vanquished Creatures
  A sky beast (D:5)
  An ice beast (D:5)
  A phantom (D:5)
  An ogre (D:4)
  3 crimson imps (D:5)
  A hound (D:4)
  An iguana (D:4)
  A centaur skeleton (D:4)
  A worker ant (D:4)
  Jessica (D:4)
  8 gnolls
  10 adders
  An inept feature mimic (D:4)
  A worm (D:4)
  3 oozes
  9 orcs
  2 ball pythons
  2 giant cockroaches
  18 goblins
  23 hobgoblins
  17 kobolds
  15 bats
  2 giant geckos (D:3)
  5 giant newts
  12 jackals
  A quokka (D:4)
  7 rats
  3 butterflies (D:4)
151 creatures vanquished.

Vanquished Creatures (others)
  A goblin (D:5)
1 creature vanquished.

Grand Total: 152 creatures vanquished

Notes
Turn   | Place    | Note
--------------------------------------------------------------
     0 | D:1      | Jenx, the Minotaur Fighter, began the quest for the Orb.
     0 | D:1      | Reached XP level 1. HP: 19/19 MP: 1/1
    59 | D:1      | Reached XP level 2. HP: 16/26 MP: 1/1
   357 | D:1      | Reached skill level 4 in Axes
   436 | D:1      | Reached XP level 3. HP: 28/31 MP: 2/2
  1162 | D:2      | Reached skill level 5 in Axes
  1217 | D:2      | Found a blossoming altar of Fedhas.
  1242 | D:2      | Reached XP level 4. HP: 39/39 MP: 2/2
  1787 | D:2      | Reached skill level 6 in Axes
  1790 | D:2      | Reached XP level 5. HP: 25/45 MP: 2/2
  2871 | D:4      | Found a staircase to the Ecumenical Temple.
  2874 | D:4      | Got a brightly glowing ring mail
  2889 | Temple   | Entered the Ecumenical Temple
  3089 | Temple   | Became a worshipper of Warmaster Okawaru
  3091 | Temple   | Identified the cursed +4 ring mail of Trumpets {rF+} (You found it on level 4 of the Dungeon)
  3211 | D:4      | Reached skill level 7 in Axes
  3369 | D:4      | Noticed an ogre
  3378 | D:4      | Killed an ogre
  3378 | D:4      | Reached XP level 6. HP: 44/51 MP: 3/3
  3385 | D:4      | Reached skill level 8 in Axes
  3451 | D:4      | Noticed Jessica
  3452 | D:4      | Found a sparkling altar of Nemelex Xobeh.
  3462 | D:4      | Killed Jessica
  3856 | D:4      | Acquired Okawaru's first power
  3964 | D:4      | Found a bloodstained altar of Trog.
  4107 | D:5      | Entered Level 5 of the Dungeon
  4123 | D:4      | Reached skill level 9 in Axes
  4139 | D:5      | Reached XP level 7. HP: 41/57 MP: 3/3
  4201 | D:5      | Noticed Jenx's ghost (experienced DECj)
  4383 | D:5      | Reached skill level 10 in Axes
  4810 | D:5      | Killed from afar by Jenx's ghost

Action                   |  1- 3 |  4- 6 |  7- 9 || total
-------------------------+-------+-------+-------++-------
Melee: Hand axe          |   109 |   217 |    77 ||   403
Throw: Dart              |     1 |     2 |       ||     3
       Tomahawk          |       |     7 |     1 ||     8
  Use: Scroll            |       |     4 |     1 ||     5
       Potion            |       |       |     1 ||     1
